 Dungeon Crawl Stone Soup version 0.28-a0-1152-g9c71ebef14 (webtiles) character file.

Game seed: 11797085925489567390

10 spaghetti the Sneak (level 2, -2/25 HPs)
             Began as a Mummy Delver on Dec 14, 2021.
             Slain by a scorpion (3 damage)
             ... in the Ecumenical Temple.
             The game lasted 00:00:57 (232 turns).

spaghetti the Sneak (Mummy Delver)                   Turns: 232, Time: 00:00:57

Health: -2/25      AC:  3    Str: 15    XL:     2   Next: 10%
Magic:  2/2        EV: 11    Int:  9    God:
Gold:   0          SH:  0    Dex: 13    Spells: 1/1 levels left

rFire   x . .      SeeInvis .   a - +0 falchion {long}
rCold   + . .      Faith    .   (no shield)
rNeg    + + +      Spirit   .   b - +0 leather armour
rPois   ∞          Reflect  .   (no helmet)
rElec   .          Harm     .   (no cloak)
rCorr   .          Rampage  .   (no gloves)
Will    .....                   (no boots)
Stlth   ++........              (no amulet)
HPRegen 0.08/turn               (no ring)
MPRegen 0.08/turn               (no ring)

@: no status effects
A: cold resistance 1, negative energy resistance 3, torment resistance 2, heat
vulnerability 1, no potions
a: no special abilities


You were in the Ecumenical Temple.
You visited 2 branches of the dungeon, and saw 2 of its levels.


Innate Abilities, Weirdness & Mutations

You are immune to poison.
Your flesh is cold resistant. (rC+)
You are immune to negative energy. (rN+++)
You are immune to unholy pain and torment.
You are vulnerable to heat. (rF-)
You do not drink.


   Skills:
 + Level 3.6 Fighting
 - Level 1.5 Long Blades
 - Level 1.5 Dodging
 - Level 4.1 Stealth


You had one spell level left.
You didn't know any spells.
Your spell library was empty.

Inventory:

Hand Weapons
 a - a +0 falchion (weapon) {long}
Missiles
 g - 18 stones (quivered) {throwing}
Armour
 b - a +0 leather armour (worn)
Wands
 f - a wand of digging (3)
Scrolls
 c - a scroll of fog

Dungeon Overview and Level Annotations

Branches:
Dungeon (5/15)             Temple (1/1) D:5

Altars:
Cheibriados
Dithmenos
Elyvilon
Fedhas
Okawaru
Qazlal
Ru
Sif Muna
Uskayaw
Vehumet
Wu Jian
Xom
Yredelemnul
Zin

######
###.....####
#....._.....###
..............#
..._....._...#
#....._.....#
#.........#
#.._._s@#
##.....##
##._†##
######...######
.......<........
_...._..._...._.
.......#........
.._...###..._...
....## ##.....


You could see a scorpion.


Message History

An adder comes into view.
Found a staircase to the Ecumenical Temple.
Unknown command.
The adder hisses angrily.
Unknown command.
Okay, then.
You can't drink.
Okay, then.
An orc comes into view. It is wielding a +0 mace.
Found an escape hatch in the floor.
The adder barely misses you. The adder bites you.
* * * LOW HITPOINT WARNING * * *
You hit the adder. The adder bites you.
* * * LOW HITPOINT WARNING * * *
😨 HP[-1]
You take 1 damage, and now have 8/18 hp.
Unknown command.
Unknown command.
You slash the adder!
You kill the adder!
You have reached level 2! 😨 HP[+2] MP[+1]
You now have 24 max hp (+6).
You regained 2 hp, and now have 10/24 hp.
Your mp is fully restored (2).
Unknown command.
A jackal comes into view.
There is a staircase to the Ecumenical Temple here. 😨 HP[+1]
You can't go up here!
Unknown command.
Unknown command.
Unknown command.
You climb downwards.
Welcome to the Ecumenical Temple!
Found twelve altars.
There is a staircase back to the Dungeon here.
Unknown command.
Unknown command.
You start resting. 😎 HP[+13]
Your hp is fully restored (24).
You can't go down here!
Unknown command.
Unknown command.
Unknown command.
You climb upwards.
The scorpion completely misses you.
The jackal bites you but does no damage.
The scorpion barely misses you. The jackal misses you.
There is a staircase to the Ecumenical Temple here.
Unknown command.
The scorpion barely misses you. The jackal misses you.
You climb downwards.
Welcome back to the Ecumenical Temple!
There is a staircase back to the Dungeon here.
Unknown command.
Unknown command.
Okay, then.
You can't drink.
Okay, then.
Found a shadowy altar of Dithmenos.
The scorpion barely misses you.
Found a shimmering blue altar of Sif Muna.
The jackal bites you but does no damage.
The jackal closely misses you.
You hit the jackal. The jackal misses you. The jackal closely misses you.
The scorpion closely misses you.
You closely miss the jackal.
The jackal bites you but does no damage.
The scorpion stings you! The jackal bites you. 😮 HP[-9]
You take 9 damage, and now have 15/24 hp.
MASSIVE DAMAGE!! (PAUSE) Unknown command.
Unknown command.
You slash the jackal!
You kill the jackal!
The scorpion closely misses you. 😮 HP[+1]
You now have 25 max hp (+1).
You hit the scorpion. The scorpion stings you. x2
* * * LOW HITPOINT WARNING * * *
😨 HP[-4]
You take 4 damage, and now have 12/25 hp.
Unknown command.
You closely miss the scorpion.
The scorpion stings you but does no damage.
The scorpion closely misses you.
Okay, then.
You can't drink.
Okay, then.
You hit the scorpion.
The scorpion barely misses you. 😮 HP[+1]
You closely miss the scorpion. The scorpion stings you.
* * * LOW HITPOINT WARNING * * *
😨 HP[-5]
You take 5 damage, and now have 8/25 hp.
Unknown command.
You closely miss the scorpion. The scorpion stings you!
* * * LOW HITPOINT WARNING * * *
The scorpion stings you.
You die...

Action                   || total
-------------------------++-------
Melee: Falchion          ||    10
  Use: Scroll            ||     3
Armor: Leather armour    ||     4
Dodge: Dodged            ||    14

Levels and vault maps discovered:
D:5:      layout_cave_pools, minmay_temple_entry_wispy, uniq_pikel
Temple:   dpeg_three_leaves_temple

Notes
Turn   | Place    | Note
-------+----------+-------------------------------------------
     0 | D:5      | spaghetti the Mummy Delver began the quest for the Orb.
     0 | D:5      | Reached XP level 1. HP: 18/18 MP: 1/1
     0 | D:5      | magus.rc [v1.9.6]
    27 | D:5      | Noticed a scorpion
    44 | D:5      | Found a staircase to the Ecumenical Temple.
    52 | D:5      | Reached XP level 2. HP: 10/24 MP: 2/2
    55 | Temple   | Entered the Ecumenical Temple
   232 | Temple   | HP: 1/25 [scorpion (7)]
   232 | Temple   | Slain by a scorpion

Vanquished Creatures
  An adder (D:5)
  A jackal (Temple)
2 creatures vanquished.

Table legend:
 A = Non-vault XP
 B = Vault XP
 C = Vault XP percentage of total XP
 D = Non-vault monster count
 E = Vault monster count
 F = Vault count percentage of total count
                 A         B        C        D         E       F
            +---------+---------+-------+---------+---------+-------
      Total |      15 |       0 |   0.0 |       2 |       0 |   0.0
            +---------+---------+-------+---------+---------+-------
        D:5 |      13 |       0 |   0.0 |       1 |       0 |   0.0
     Temple |       2 |       0 |   0.0 |       1 |       0 |   0.0
            +---------+---------+-------+---------+---------+-------

Illustrated notes

Table legend:
 A = Kills in this place as a percentage of kills in entire the game.
 B = Kills by you in this place as a percentage of kills by you in the entire game.
 C = Kills by friends in this place as a percentage of kills by friends in the entire game.
 D = Other kills in this place as a percentage of other kills in the entire game.
 E = Experience gained in this place as a percentage of experience gained in the entire game.
 F = Experience gained in this place divided by the number of levels of this place that you have seen.
                   A       B       C       D       E      F
               +-------+-------+-------+-------+-------+----------------------
         Total | 100.0 | 100.0 |   N/A |   N/A | 100.0 |   7.5
       Dungeon |  50.0 |  50.0 |   N/A |   N/A |  86.7 |  13.0
        Temple |  50.0 |  50.0 |   N/A |   N/A |  13.3 |   2.0
               +-------+-------+-------+-------+-------+----------------------

Table legend: (Time is in decaauts)
 A = Elapsed time spent in this place.
 B = Non-inter-level travel time spent in this place.
 C = Inter-level travel time spent in this place.
 D = Time resting spent in this place.
 E = Time spent auto-exploring this place.
 F = Levels seen in this place.
 G = Mean time per level.
                   A        B        C        D        E       F      G
               +--------+--------+--------+--------+--------+-----+--------+
         Total |    234 |    230 |      4 |    161 |      5 |   2 |  117.0 |
       Dungeon |     57 |     53 |      4 |      0 |      5 |   1 |   57.0 |
        Temple |    176 |    176 |      0 |    161 |      0 |   1 |  176.0 |
               +--------+--------+--------+--------+--------+-----+--------+

Top non-repeatable levels by time:
  Temple: 176 daAuts
     D:5: 57 daAuts
